 Dungeon Crawl Stone Soup version 0.27.1-34-g3ba077fa99 (webtiles) character file.

Game seed: 2325629254410213148

19 Delamore the Sneak (level 2, -3/19 HPs)
             Began as an Octopode Brigand on Jan 18, 2022.
             Slain by a quokka (4 damage)
             ... on level 1 of the Dungeon.
             The game lasted 00:00:45 (526 turns).

Delamore the Sneak (Octopode Brigand)                Turns: 526, Time: 00:00:45

Health: -3/19      AC:  1    Str: 10    XL:     2   Next: 75%
Magic:  2/2        EV: 12    Int: 13    God:
Gold:   18         SH:  0    Dex: 13    Spells: 1/1 levels left

rFire    . . .     SeeInvis .   a - +2 dagger
rCold    . . .     Faith    .   (no shield)
rNeg     . . .     Spirit   .   (helmet restricted)
rPois    .         Reflect  .   (no amulet)
rElec    .         Harm     .   (no ring)
rCorr    .         Rampage  .   (no ring)
Will     .....                  (no ring)
Stlth    ++++......             (no ring)
HPRegen  0.06/turn              (no ring)
MPRegen  0.08/turn              (no ring)
                                (no ring)
                                (no ring)

@: no status effects
A: almost no armour, amphibious, 8 rings, camouflage 1, gelatinous body 1,
(nimble swimmer 1), tentacles
a: no special abilities


You were on level 1 of the Dungeon.
You visited 1 branch of the dungeon, and saw 1 of its levels.

You collected 18 gold pieces.

Inventory:

Hand Weapons
 a - a +2 dagger (weapon)
Missiles
 b - 19 poisoned darts (quivered)
 c - 2 curare-tipped darts
Scrolls
 e - a scroll of holy word {unknown}
 f - a scroll of acquirement {unknown}
 g - a scroll of summoning {unknown}
 i - a scroll of teleportation {unknown}
Potions
 d - a potion of heal wounds {unknown}
 h - a potion of degeneration {unknown}


   Skills:
 - Level 2.0 Fighting
 + Level 2.6 Short Blades
 - Level 2.0 Throwing
 - Level 1.0 Dodging
 + Level 5.9 Stealth


You had one spell level left.
You didn't know any spells.
Your spell library contained the following spells:

 Spells                   Type           Power      Damage    Failure   Level
 Sting                    Tmut/Pois      0%         1d3       30%         1
 Poisonous Vapours        Pois/Air       0%         N/A       43%         2
 Olgreb's Toxic Radiance  Pois           0%         N/A       97%         4


Dungeon Overview and Level Annotations

Branches:
Dungeon (1/15)

Altars:


Innate Abilities, Weirdness & Mutations

You cannot wear most types of armour.
You are amphibious.
You can wear up to eight rings at the same time.
Your skin changes colour to match your surroundings (Stealth+).
Your rubbery body absorbs attacks. (AC +1, EV +1)
((You are camouflaged near water. (Stealth+)))
You have tentacles for arms and can constrict up to eight enemies at once.


Message History

You see here a staff of poison.
A quokka comes into view.
A quokka comes into view.
Found a dire flail.
A hobgoblin and a dart slug come into view.
The hobgoblin shouts!
You completely miss the quokka. You grab the quokka. You constrict the quokka.
The quokka bites you.
You hit the quokka but do no damage. You squeeze the quokka.
The quokka is almost dead.
You constrict the quokka.
You kill the quokka!
The quokka twitches its whiskers.
You completely miss the hobgoblin. You grab the hobgoblin.
You squeeze the hobgoblin.
The hobgoblin is moderately wounded.
You constrict the hobgoblin. The hobgoblin hits you.
You hit the hobgoblin. You squeeze the hobgoblin.
You kill the hobgoblin!
The quokka bites you.
There are monsters nearby!
There are monsters nearby!
You hit the quokka. Your grab misses the quokka.
Your squeeze misses the quokka.
The quokka is moderately wounded.
The dart slug barely misses you. The quokka bites you.
You hit the dart slug. You grab the dart slug.
The dart slug is moderately wounded.
You constrict the dart slug. The quokka closely misses you.
The dart slug barely misses you.
You hit the dart slug. You squeeze the dart slug.
The dart slug is severely wounded.
You constrict the dart slug. The quokka bites you.
* * * LOW HITPOINT WARNING * * *
You hit the quokka but do no damage. You grab the quokka.
The quokka is moderately wounded.
You constrict the dart slug. You constrict the quokka. The dart slug bites you.
* * * LOW HITPOINT WARNING * * *
The quokka bites you.
You die...

########### ..........#
#.........# #####
#.........# ###..... #
......r...####...# .
#.....@.........# #
#....w...####...# .
#........# #...# #
#........# #...# #
#........# #...# #
#...)....# #...# #######
########## #...# ......##
##..#
#####..#################.##


You could see a dart slug and a quokka.

Vanquished Creatures
  A dart slug (D:1)
  2 ball pythons (D:1)
  An endoplasm (D:1)
  2 goblins (D:1)
  2 hobgoblins (D:1)
  A kobold (D:1)
  2 quokkas (D:1)
  2 bats (D:1)
  3 rats (D:1)
16 creatures vanquished.

Notes
Turn   | Place    | Note
-------+----------+-------------------------------------------
     0 | D:1      | Delamore the Octopode Brigand began the quest for the Orb.
     0 | D:1      | Reached XP level 1. HP: 14/14 MP: 1/1
   265 | D:1      | Reached XP level 2. HP: 19/19 MP: 2/2
   526 | D:1      | Slain by a quokka

Illustrated notes

Levels and vault maps discovered:
D:1:      dpeg_arrival_rooms_a, layout_rooms, lexackson_kobold_supper

Action                   || total
-------------------------++-------
Melee: Dagger            ||    41
       Tentacles         ||     8
       Constrict         ||    11
 Stab: Sleeping          ||     2
Armor: Skin              ||    10
Dodge: Dodged            ||    34
